 Dungeon Crawl Stone Soup version 0.27-a0-1123-g2f9bb313c0 (webtiles) character file.

Game seed: 15413280578099251029

312 kodamatunes15 the Ruffian (level 6, -1/51 HPs)
             Began as a Ghoul Gladiator on May 3, 2021.
             Slain by a jackal (2 damage)
             ... on level 5 of the Dungeon.
             The game lasted 00:20:08 (2403 turns).

kodamatunes15 the Ruffian (Ghoul Gladiator)         Turns: 2403, Time: 00:20:10

Health: -1/51      AC: 13    Str: 24    XL:     6   Next: 42%
Magic:  5/5        EV:  7    Int: 10    God:
Gold:   163        SH:  0    Dex: 11    Spells: 5/5 levels left

rFire    . . .     SeeInvis .   q - staff of death
rCold    + . .     Faith    .   (no shield)
rNeg     + + +     Spirit   .   l - +0 plate armour
rPois    ∞         Reflect  .   b - +1 helmet
rElec    .         Harm     .   (no cloak)
rCorr    .         Rampage  .   (no gloves)
Will     .....                  (no boots)
Stlth    ..........             (no amulet)
HPRegen  0.00/turn              i - +6 ring of intelligence
MPRegen  0.09/turn              n - +6 ring of strength

@: no status effects
A: claws 1, cold resistance 1, negative energy resistance 3, inhibited
regeneration, torment resistance 2, unbreathing 1
a: no special abilities


You were on level 5 of the Dungeon.
You visited 1 branch of the dungeon, and saw 5 of its levels.

You collected 163 gold pieces.

Inventory:

Hand Weapons
 e - a +0 dagger
 f - a +1 dagger of venom
Missiles
 c - 3 throwing nets (quivered)
 d - 106 stones
Armour
 a - a +0 leather armour
 b - a +1 helmet (worn)
 l - a +0 plate armour (worn)
Magical Staves
 o - a staff of air
 q - a staff of death (weapon)
 r - a staff of fire
Jewellery
 i - a +6 ring of intelligence (left claw)
 n - a +6 ring of strength (right claw)
Scrolls
 j - a scroll of enchant armour
Potions
 g - a potion of ambrosia
 h - a potion of curing {unknown}
 k - a potion of resistance
 m - a potion of might {unknown}
 p - a potion of attraction {unknown}
 s - a potion of heal wounds {unknown}


   Skills:
 + Level 3.3 Fighting
 + Level 1.9 Short Blades
 + Level 0.4 Staves
 + Level 2.0 Throwing
 + Level 2.6 Armour
 + Level 3.7 Dodging
 + Level 0.3 Stealth
 + Level 4.3 Unarmed Combat


You had 5 spell levels left.
You didn't know any spells.
Your spell library was empty.

Dungeon Overview and Level Annotations

Branches:
Dungeon (4/15)
 Temple: D:4-7

Altars:
The Shining One

Shops:
D:2 (


Innate Abilities, Weirdness & Mutations

You thrive by killing the living.
You are immune to poison.
You have sharp fingernails.
Your flesh is cold resistant. (rC+)
You are immune to negative energy. (rN+++)
You do not regenerate when monsters are visible.
You are immune to unholy pain and torment.
You can survive without breathing.


Message History

A water moccasin comes into view.
You closely miss the hound.
The hound is almost dead.
The water moccasin hisses angrily.
The jackal bites you but does no damage.
The jackal completely misses you. The hound barely misses you.
A jackal comes into view.
The hound barely misses you.
The jackal barks!
The jackal bites you but does no damage.
The jackal bites you but does no damage.
The hound barely misses you.
The jackal bites you but does no damage.
You closely miss the jackal.
The jackal bites you but does no damage. x2
You barely miss the jackal. You hit the jackal but do no damage.
The hound bites you but does no damage.
The jackal bites you but does no damage.
The jackal barely misses you. The hound bites you.
* * * LOW HITPOINT WARNING * * *
The jackal bites you but does no damage.
The jackal barely misses you.
You closely miss the jackal. The hound barely misses you.
The jackal barely misses you. x2; The hound bites you but does no damage.
The jackal closely misses you.
You hit the jackal.
The jackal is moderately wounded.
The jackal bites you but does no damage.
The hound bites you.
* * * LOW HITPOINT WARNING * * *
The jackal bites you but does no damage.
The jackal closely misses you.
You hit the hound.
The hound is almost dead.
The hound bites you but does no damage. The jackal barely misses you.
The jackal bites you but does no damage.
The hound bites you but does no damage.
The jackal pauses to sniff the ground.
The jackal bites you.
You die...

# . .# #.#
####.####
.S.....##.
#hh...... #@#.##.#
#h#... #h#h##
#h..h#####
####Sh...#
#...#.###
#.......#
#.#.#.#.#
########.....#.#.#


You could see a water moccasin, a hound and 4 jackals.

Vanquished Creatures
  A necrophage (D:4)
  A kobold brigand (D:3)
  An iguana (D:4)
  5 adders
  An adder skeleton (D:4)
  A worm (D:2)
  3 dart slugs
  An orc (D:4)
  5 ball pythons
  6 bats
  4 endoplasms
  3 giant cockroaches
  8 goblins
  7 hobgoblins
  7 jackals
  3 kobolds
  3 quokkas
  4 frilled lizards
  4 rats
68 creatures vanquished.

Notes
Turn   | Place    | Note
-------+----------+-------------------------------------------
     0 | D:1      | kodamatunes15 the Ghoul Gladiator began the quest for the
                  | Orb.
     0 | D:1      | Reached XP level 1. HP: 17/17 MP: 0/0
    63 | D:1      | Reached XP level 2. HP: 24/24 MP: 1/1
   183 | D:1      | Reached XP level 3. HP: 30/30 MP: 2/2
   781 | D:2      | Reached skill level 4 in Unarmed Combat
   806 | D:2      | Reached XP level 4. HP: 20/37 MP: 3/3
   809 | D:2      | Reached skill level 1 in Armour
   948 | D:2      | Upgraded the game from 0.27-a0-1119-gbf574a6a6b to
                  | 0.27-a0-1123-g2f9bb313c0
  1150 | D:2      | Found Vecsim's Weapon Shop.
  1229 | D:2      | Found a faded altar of an unknown god.
  1490 | D:3      | Noticed a kobold brigand
  1510 | D:3      | Killed a kobold brigand
  1511 | D:3      | Reached skill level 1 in Short Blades
  1511 | D:3      | Reached XP level 5. HP: 34/45 MP: 4/4
  2074 | D:4      | Noticed a necrophage
  2098 | D:4      | Killed a necrophage
  2099 | D:4      | Reached XP level 6. HP: 41/51 MP: 5/5
  2375 | D:4      | You fall into a shaft and drop 1 floor!
  2375 | D:5      | Entered Level 5 of the Dungeon
  2390 | D:5      | Noticed a water moccasin
  2400 | D:5      | HP: 2/51 [hound (1)]
  2403 | D:5      | Slain by a jackal

Illustrated notes

Levels and vault maps discovered:
D:1:      amcnicky_arrival_underground_garden, layout_rooms,
          serial_corexii_hall, corexii_hall_statues_x, corexii_hall_statues_l
D:2:      layout_basic, serial_shops, shop,
          hellmonk_ecumenical_altar_inner_sanctum
D:3:      layout_loops_ring, grunt_ministairs_15, chequers_serial_rivers_room_b,
          corexii_leaking_fountain
D:4:      layout_layer_cave, tso_oasis_becter, minmay_temple_entry_purple_smoke,
          hangedman_decor_slide_cut, minmay_misc_feat_square
D:5:      layout_loops_ring, okawaru_trees_2, lemuel_blue_sif_altar, st_stairs_1

Skill      XL: |  1  2  3  4  5 |
---------------+----------------+-----
Dodging        | 3 |  3.7
Throwing       | 2 |  2.0
Unarmed Combat | 4 |  4.3
Armour         | 1 2 |  2.6
Fighting       | 3 |  3.3
Short Blades   | 1 |  1.9
Staves         | |  0.4
Stealth        | |  0.3

Action                   |  1- 3 |  4- 6 || total
-------------------------+-------+-------++-------
Melee: Unarmed           |    37 |       ||    37
       Dagger            |    57 |   102 ||   159
       Punch             |     2 |     4 ||     6
       Staff             |       |   100 ||   100
  Use: Scroll            |     4 |     6 ||    10
Armor: Leather armour    |    55 |     1 ||    56
       Plate armour      |       |   137 ||   137
Dodge: Dodged            |    71 |    90 ||   161

Table legend: (Time is in decaauts)
 A = Elapsed time spent in this place.
 B = Non-inter-level travel time spent in this place.
 C = Inter-level travel time spent in this place.
 D = Time resting spent in this place.
 E = Time spent auto-exploring this place.
 F = Levels seen in this place.
 G = Mean time per level.
                   A        B        C        D        E       F      G
               +--------+--------+--------+--------+--------+-----+--------+
         Total |   2411 |    625 |   1786 |      0 |      0 |   5 |  482.2 |
       Dungeon |   2411 |    625 |   1786 |      0 |      0 |   5 |  482.2 |
               +--------+--------+--------+--------+--------+-----+--------+

Top non-repeatable levels by time:
     D:3: 776 daAuts
     D:1: 726 daAuts
     D:2: 563 daAuts
     D:4: 315 daAuts
     D:5: 29 daAuts
